AoeStats
← Malelf

Arabia

507682488Analyzed
1v1 RM · 12d ago on Sep 19, 2026· 18m 42s· 2 players
Game mode
Random Map
Map size
Tiny (2 player)
Population
200
Speed
Normal
Resources
Standard
Victory
Conquest
Starting age
Dark Age
Ending age
Imperial Age
RankedLock teamsTeams togetherTeam positionsShared explorationLock speedFull tech treeHidden civsTurbo modeCheats
Victory
Defeat
🇰🇷 Saracens · South Korea
1656
+18
🇮🇹 Vikings · Italy
1707
-18
DLC purchased
6:34 Loom
9:59 Feudal Age
12:40 Double-Bit Axe
14:45 Fletching
Malelf
6:15 Loom
9:17 Feudal Age
9:26 Man-at-Arms
15:40 Fletching
16:03 Double-Bit Axe
16:23 Horse Collar
18:29 Padded Archer Armor
Connection lost

Rejoining the realm…

Still unreachable

The connection could not be restored.

Session expired

The server has moved on; the page needs a fresh start.